 Dungeon Crawl Stone Soup version 0.17.0-28-g6e173f8 (webtiles) character file.

1961977 Medar the Wrestler (level 25, 256/256 HPs)
             Began as a Troll Gladiator on Nov 22, 2015.
             Was the Champion of Qazlal.
             Escaped with the Orb
             ... and 3 runes!
             The game lasted 01:56:17 (49846 turns).

Medar the Wrestler (Troll Gladiator)               Turns: 49846, Time: 01:56:17

Health: 256/256    AC: 35    Str: 31    XL:     25   Next: 71%
Magic:  34/34      EV: 14    Int:  4    God:    Qazlal [******]
Gold:   2604       SH: 25    Dex: 21    Spells: 0 memorised, 24 levels left

rFire  + + .     SeeInvis +       - Unarmed
rCold  + . .     Clarity  .     U - +5 gold dragon armour
rNeg   + + .     SustAt   .     z - +4 shield "Pekuvah" {rF+ Dex+4}
rPois  +         Gourm    +     h - +2 hat of the Bear Spirit {Spirit, +Rage rN+ MR++}
rElec  +         Spirit   +     b - +2 cloak {+Inv}
rCorr  .         Warding  .     (gloves unavailable)
rMut   +         Stasis   .     (boots unavailable)
MR     +++..                    V - amulet of resist mutation
Stlth  ..........               N - ring of see invisible
                                r - ring of Muochemnixt {rElec rPois rN+}

@: repel missiles, extremely resistant to hostile enchantments, extremely
unstealthy
A: unfitting armour, claws 3, fast metabolism 3, gourmand, regeneration 2,
shaggy fur 1, tough skin 2, subdued magic 1
a: Upheaval, Elemental Force, Disaster Area, Renounce Religion, Evoke Berserk
Rage, Evoke Invisibility
0: Orb of Zot
}: 3/15 runes: serpentine, barnacled, silver


You escaped.
You worshipped Qazlal.
Qazlal was exalted by your worship.
You were not hungry.

You visited 9 branches of the dungeon, and saw 51 of its levels.
You also visited: Labyrinth and Ice Cave.

You collected 6096 gold pieces.
You spent 3492 gold pieces at shops.

Inventory:

Missiles
 c - 18 throwing nets {=f =F}
 s - 8 javelins of penetration (quivered)
 y - 116 large rocks
Armour
 b - a +2 cloak of invisibility (worn)
 h - the +2 hat of the Bear Spirit (worn) {Spirit, +Rage rN+ MR++}
   (You bought it in a shop on level 1 of the Snake Pit)

   It protects you from negative energy.
   It affects your resistance to hostile enchantments.
   It lets you go berserk.
 z - the +4 shield "Pekuvah" (worn) {rF+ Dex+4}
   (You bought it in a shop on level 4 of the Orcish Mines)

   It affects your dexterity (+4).
   It protects you from fire.
 U - a +5 gold dragon armour (worn)
Rods
 O - a +4 rod of clouds (13/13) {!a}
   (You took it off a naga on level 1 of the Snake Pit)
Jewellery
 r - the ring of Muochemnixt (left claw) {rElec rPois rN+}
   (You took it off a deep elf priest on level 5 of the Vaults)

   [ring of positive energy]

   It insulates you from electricity.
   It protects you from poison.
   It protects you from negative energy.
 w - an uncursed ring of protection from fire
 x - an uncursed amulet of clarity
 B - an uncursed amulet of warding
 G - an uncursed ring of protection from cold
 M - a +3 ring of strength
 N - a ring of see invisible (right claw)
 V - an amulet of resist mutation (around neck)
Wands
 a - a wand of digging (20)
 H - a wand of draining (11)
 R - a wand of invisibility (9)
 T - a wand of cold (6)
 X - a wand of teleportation (8)
Scrolls
 i - 24 scrolls of remove curse {@r1}
 k - 13 scrolls of teleportation
 l - 10 scrolls of blinking
 q - 7 scrolls of fog
 C - 15 scrolls of identify {@r2}
 I - a scroll of magic mapping {@r3}
 W - a scroll of fear
 Y - 2 scrolls of holy word
 Z - 7 scrolls of recharging
Potions
 e - 7 potions of berserk rage {!q}
 g - 15 potions of curing {@q1}
 m - 4 potions of cancellation
 n - 4 potions of invisibility
 o - 3 potions of haste
 u - 4 potions of resistance
 v - a potion of cure mutation {!q}
 A - 9 potions of heal wounds
 J - 3 potions of flight
 K - 8 potions of might
 P - 4 potions of magic
 Q - 3 potions of brilliance
 S - 6 potions of agility
Comestibles
 d - 21 bread rations {@e1}
 p - 42 fruits {@e3}
 t - 15 meat rations {@e2}


   Skills:
 + Level 16.0 Fighting
 - Level 1.7 Throwing
 + Level 16.9 Armour
 + Level 14.0 Dodging
 - Level 9.0 Shields
 + Level 25.6 Unarmed Combat
 + Level 17.0 Invocations


You had 24 spell levels left.
You didn't know any spells.

Dungeon Overview and Level Annotations

Branches:
Dungeon (15/15)            Temple (1/1) D:4            Lair (8/8) D:10
 Shoals (4/4) Lair:6        Snake (4/4) Lair:6        Slime (0/6) Lair:6
    Orc (4/4) D:9             Elf (0/3) Orc:4        Vaults (5/5) D:13
  Crypt (0/3) Vaults:2     Depths (5/5) D:15            Zot (5/5) Depths:5

Altars:
Ashenzari
Cheibriados
Dithmenos
Elyvilon
Fedhas
Gozag
Kikubaaqudgha
Makhleb
Nemelex Xobeh
Okawaru
Qazlal
Ru
Sif Muna
Trog
Vehumet
Xom
Yredelemnul
Zin
The Shining One
Beogh

Shops:
D:6 (   D:15 *   Orc:4 [}![   Shoals:2 *   Snake:1 [   Snake:2 [*:*:
Snake:3 ?   Snake:4 (   Vaults:5 *   Depths:2 }

Portals:
Hell: Depths:1 Depths:2 Depths:3 Depths:4
Abyss: Depths:1
Pandemonium: Depths:1 Depths:2 Depths:3 Depths:5
Ziggurat: Depths:2
Trove: Vaults:1 (give 6 scrolls of blinking)


Innate Abilities, Weirdness & Mutations

You are too large for most types of armour.
You have claws for hands.
Your metabolism is lightning-fast.
You like to eat raw meat.
You heal very quickly.
You are covered in fur (AC +1).
You have very tough skin (AC +2).
Your spells are a little easier to cast, but a little less powerful.


Message History

You climb upwards.
An adder comes into view.
There is a stone staircase leading down here.
You eviscerate the adder!!!
You kill the adder!
Qazlal accepts your kill.
No target in view!
There is a stone staircase leading down here.
There is a stone staircase leading up here.
You climb upwards.
There is a stone staircase leading down here.
There is a stone staircase leading up here.
You climb upwards.
There is a stone staircase leading down here.
Evoke which item? (* to show all) (? for menu, Esc to quit)
Zapping:
a - a wand of digging (21)
Press: ? - help, Shift-Dir - straight line The rock shatters into small pieces.
This wand has 20 charges left.
There is a staircase leading out of the dungeon here.
You have escaped!

.....#
#....§...###
.....#
#..........####
.###.#
####.#####....#
## #.# ##.##
##.#.# #.#
##.####'#.# #.#
#......+.# #.#
#.#.##+### #.#
#.#..#.# ####.#
#.+§@'.# .....#
#.#..#.# .....#
#.####.# ###..#
#......# ###.##
######## .##.#
.##.# .##.#
.##.#


There were no monsters in sight!

Vanquished Creatures
  8 ancient liches
  5 orbs of fire (Zot:5)
  Mara (Depths:4)
  2 Killer Klowns (Zot:5)
  11 golden dragons
  A bone dragon (Depths:5)
  3 electric golems
  A lich (Depths:5)
  9 tentacled monstrosities
  5 titans
  Asterion (Vaults:2)
  22 Orb Guardians
  2 death cobs
  A quicksilver dragon (Depths:5)
  A kraken (Shoals:1)
  Gastronok (Orc:1)
  8 sphinxes
  9 storm dragons
  A draconian monk (Zot:1)
  Kirke (D:12)
  6 shadow dragons
  7 tengu reavers
  8 fire giants
  10 greater nagas
  A deep elf sorcerer (Vaults:5)
  A draconian knight (Depths:5)
  A ghost moth (Zot:4)
  Aizul (Snake:3)
  2 draconian scorchers
  11 frost giants
  18 vault wardens
  A cacodemon (Depths:5)
  A draconian zealot (Depths:5)
  A draconian annihilator (Zot:5)
  15 ironheart preservers
  23 stone giants
  15 very ugly things
  6 war gargoyles
  2 green draconians (Zot:5)
  A black draconian (Zot:5)
  3 deep elf demonologists
  A salamander stormcaller (Vaults:2)
  4 mottled draconians
  Azrael (D:15)
  A yellow draconian (Zot:5)
  The ghost of chonchonts the Fighter, a journeyman MiFi of Okawaru (D:13)
  4 dire elephants (Lair:8)
  2 purple draconians (Depths:5)
  3 red draconians
  A white draconian (Depths:5)
  3 vampire knights (Depths:3)
  15 ettins
  A deep elf death mage (Vaults:4)
  5 merfolk javelineers
  13 fire dragons
  10 merfolk impalers
  42 vault guards
  Josephine (Lair:4)
  3 deep elf high priests
  10 ogre magi
  21 yaktaur captains
  9 great orbs of eyes
  A minotaur (Lab)
  4 hydras
  3 entropy weavers
  7 spriggan air magi
  14 naga warriors
  An anaconda (shapeshifter) (Vaults:5)
  8 rakshasas
  10 anacondas
  2 merfolk avatars
  4 alligator snapping turtles
  14 ice dragons
  The ghost of BLOAX the Grappler, a journeyman VSBe of Trog (Shoals:1)
  A hell beast (Depths:1)
  9 deep troll earth magi
  6 centaur warriors
  2 satyrs
  9 merfolk aquamancers
  2 tengu warriors
  7 deep troll shamans
  6 shock serpents
  10 spriggan berserkers
  Urug (Orc:2)
  14 naga sharpshooters
  10 hell knights
  Sonja (Lair:2)
  2 deep elf knights
  A soul eater (Zot:3)
  A fire crab (shapeshifter) (Vaults:4)
  An iron troll (Depths:2)
  21 sea snakes
  4 fire crabs
  2 salamander mystics
  The ghost of BiggieSmalls the Chopper, a novice DsAK of Lugonu (D:7)
  24 deep trolls
  A ball lightning (Depths:1)
  A flayed ghost (Depths:2)
  2 deep elf summoners
  A storm dragon skeleton (Depths:4)
  4 naga ritualists
  2 unseen horrors
  A giant orange brain (Depths:5)
  19 ironbrand convokers
  4 wizards
  An anubis guard (shapeshifter) (Vaults:5)
  4 necromancers
  Pikel (D:8)
  An unseen horror (shapeshifter) (Vaults:1)
  28 harpies
  7 hill giants
  10 griffons
  8 orc knights
  A phantasmal warrior (Vaults:4)
  A deep elf conjurer (Vaults:5)
  3 wolf spiders
  47 ugly things
  9 water nymphs
  4 mana vipers
  A sphinx skeleton (Depths:4)
  An oklob plant (Shoals:4)
  11 salamanders
  12 fauns
  5 moths of wrath
  5 cyclopes
  An iron dragon zombie (Depths:4)
  2 hornets (shapeshifter)
  An iron dragon skeleton (Depths:4)
  11 manticores
  A faun (shapeshifter) (Vaults:4)
  46 black mambas
  2 hornets (Vaults:2)
  16 elephants
  Maurice (Orc:4)
  A moth of wrath (shapeshifter) (Vaults:2)
  5 orange demons
  9 orc sorcerers (Orc:4)
  8 guardian serpents
  A molten gargoyle (Depths:4)
  An ice statue (IceCv)
  12 sirens
  5 rust devils
  A guardian serpent (shapeshifter) (Vaults:1)
  Psyche (D:8)
  15 naga magi
  2 torpor snails
  2 gargoyles
  5 kobold demonologists
  24 spiny frogs
  A smoke demon (D:6)
  3 centaur skeletons
  58 yaktaurs
  18 vault sentinels
  5 komodo dragons
  3 deep elf priests
  A hellwing (Depths:1)
  9 freezing wraiths
  A tormentor (Depths:2)
  2 red devils (Depths:1)
  7 trolls
  2 two-headed ogres (shapeshifter)
  A jumping spider (shapeshifter) (Depths:4)
  A fire drake (Lair:1)
  2 blue devils
  8 tengu conjurers
  15 two-headed ogres
  A jumping spider (Depths:1)
  A wind drake (shapeshifter) (Vaults:3)
  2 wind drakes
  47 merfolk
  27 polar bears
  19 slime creatures
  12 blink frogs
  4 boulder beetles
  A fire giant simulacrum (Vaults:2)
  A slime creature (shapeshifter) (Depths:3)
  A wolf spider simulacrum (D:14)
  11 snapping turtles
  2 spriggans (shapeshifter)
  4 spriggans
  7 fire elementals (D:15)
  20 humans (D:13)
  Sigmund (D:3)
  7 air elementals (Depths:5)
  7 deep elf fighters
  3 redbacks (Depths:1)
  8 deep elf magi
  8 water elementals
  A basilisk (shapeshifter) (Vaults:1)
  A steam dragon (Lair:8)
  5 wraiths
  2 shadows
  Grum (D:9)
  A human simulacrum (Vaults:2)
  43 yaks
  A golden eye (shapeshifter) (Depths:5)
  3 basilisks
  A neqoxec (Depths:2)
  2 mottled dragons (D:11)
  Menkaure (D:6)
  2 hungry ghosts
  7 vampire mosquitoes
  2 wyverns
  4 wargs
  12 hippogriffs
  25 wolves
  11 insubstantial wisps (Depths:1)
  7 sky beasts
  21 water moccasins
  53 nagas
  23 orc warriors
  An ogre (shapeshifter) (Depths:3)
  14 centaurs
  5 ice beasts
  4 wasps
  An ice beast (shapeshifter) (Vaults:2)
  A black bear (D:11)
  A necrophage (D:10)
  18 boggarts
  An eye of draining (D:13)
  A phantom (D:9)
  50 ogres
  8 porcupines
  18 crocodiles
  A centaur (shapeshifter) (Depths:2)
  A brain worm (D:15)
  Blork the orc (D:4)
  A big kobold (D:8)
  14 giant frogs
  2 wyvern zombies
  13 killer bees
  5 scorpions
  8 wights
  2 centaur zombies
  2 quasits
  9 crimson imps
  6 jellies
  4 giant frog skeletons
  12 iguanas
  16 orc priests
  6 worker ants
  Jessica (D:2)
  3 hounds
  49 orc wizards
  Natasha (thrice) (D:3)
  15 sheep
  A worker ant zombie (D:5)
  A mummy (D:7)
  Robin (D:3)
  59 river rats
  6 shadow imps
  18 adders
  2 white imps (Depths:5)
  An ufetubus (Depths:5)
  An adder zombie (D:6)
  200 orcs
  12 bats
  5 giant cockroaches
  21 goblins
  12 hobgoblins
  15 jackals
  9 kobolds
  A quokka (D:9)
  3 ball pythons
  8 giant geckos
  A giant gecko skeleton (D:4)
  A giant gecko zombie (D:6)
  6 giant newts
  A jackal skeleton (D:6)
  A quokka zombie (D:8)
  12 rats
  81 fungi
  51 plants
  4 tentacles (Shoals:1)
2341 creatures vanquished.

Vanquished Creatures (collateral kills)
  An Orb Guardian (Zot:5)
  Ilsuiw (Shoals:4)
  A greater naga (Snake:4)
  Maud (D:10)
  A dire elephant (Lair:8)
  5 hydras
  2 salamanders
  2 manticores (Shoals:4)
  A water nymph (Shoals:4)
  A snapping turtle (Shoals:3)
  A yak (Lair:6)
  A crocodile (Lair:2)
18 creatures vanquished.

Vanquished Creatures (others)
  2 eldritch tentacles
  A hydra (Lair:5)
  An ogre mage (Vaults:3)
  2 ball lightnings (Depths:1)
  A naga mage (Snake:1)
  A merfolk (Shoals:2)
  2 humans (D:12)
  A naga (Snake:4)
  An ogre (Orc:4)
  2 orc wizards (Orc:4)
  2 kobolds (D:8)
  138 eldritch tentacle segments
  43 fungi
  27 plants
  7 tentacles (Shoals:1)
  188 tentacle segments (Shoals:1)
419 creatures vanquished.

Grand Total: 2778 creatures vanquished

Notes
Turn   | Place    | Note
--------------------------------------------------------------
     0 | D:1      | Medar the Troll Gladiator began the quest for the Orb.
     0 | D:1      | Reached XP level 1. HP: 19/19 MP: 0/0
   228 | D:1      | Reached XP level 2. HP: 27/27 MP: 1/1
   523 | D:1      | Reached skill level 4 in Unarmed Combat
   548 | D:2      | Reached XP level 3. HP: 33/33 MP: 2/2
   688 | D:2      | Noticed Jessica
   692 | D:2      | Killed Jessica
   692 | D:2      | Reached XP level 4. HP: 27/41 MP: 3/3
   725 | D:2      | Reached skill level 5 in Unarmed Combat
   822 | D:2      | Found a shimmering altar of Xom.
   997 | D:3      | Noticed Natasha
  1008 | D:3      | Killed Natasha
  1120 | D:3      | Noticed Natasha
  1120 | D:3      | Reached XP level 5. HP: 38/48 MP: 4/4
  1127 | D:3      | Reached skill level 6 in Unarmed Combat
  1128 | D:3      | Killed Natasha
  1326 | D:3      | Noticed Natasha
  1329 | D:3      | Killed Natasha
  1332 | D:3      | Noticed Sigmund
  1340 | D:3      | Killed Sigmund
  1340 | D:3      | Reached skill level 7 in Unarmed Combat
  1340 | D:3      | Reached XP level 6. HP: 49/55 MP: 5/5
  1483 | D:3      | Noticed Robin
  1508 | D:3      | Killed Robin
  1898 | D:4      | Noticed Blork the orc
  1906 | D:4      | Killed Blork the orc
  1906 | D:4      | Reached skill level 8 in Unarmed Combat
  1906 | D:4      | Reached XP level 7. HP: 39/62 MP: 6/6
  2061 | D:4      | Found a staircase to the Ecumenical Temple.
  2203 | D:4      | Reached skill level 1 in Armour
  2240 | Temple   | Entered the Ecumenical Temple
  2486 | Temple   | Became a worshipper of Qazlal Stormbringer
  2710 | D:5      | Entered Level 5 of the Dungeon
  2780 | D:5      | Reached XP level 8. HP: 29/74 MP: 7/7
  2936 | D:5      | Found a sparkling altar of Nemelex Xobeh.
  2936 | D:5      | Found a glowing silver altar of Zin.
  2937 | D:5      | Found an opulent altar of Gozag.
  3212 | D:5      | Reached * piety under Qazlal
  3212 | D:5      | Reached skill level 9 in Unarmed Combat
  3684 | D:6      | Found an ancient bone altar of Kikubaaqudgha.
  3686 | D:6      | Found a radiant altar of Vehumet.
  3686 | D:6      | Found a deep blue altar of Sif Muna.
  3694 | D:6      | Identified Kikubaaqudgha's Compendium of Evil Magic
  3702 | D:6      | Identified Vehumet's Catalogue of Attacks
  3712 | D:6      | Identified Sif Muna's Incunabulum of Execration
  3721 | D:6      | Found Daphurhitu's Weapon Emporium.
  3888 | D:6      | Noticed Menkaure
  3894 | D:6      | Killed Menkaure
  4313 | D:7      | Reached skill level 10 in Unarmed Combat
  4313 | D:7      | Reached XP level 9. HP: 73/83 MP: 8/8
  4398 | D:7      | Noticed BiggieSmalls's ghost (novice DsAK)
  4425 | D:7      | Killed BiggieSmalls's ghost
  4425 | D:7      | Reached skill level 11 in Unarmed Combat
  4619 | D:7      | Reached ** piety under Qazlal
  4646 | D:7      | Found an iron altar of Okawaru.
  4664 | D:7      | Found a snail-covered altar of Cheibriados.
  4813 | D:7      | Reached skill level 12 in Unarmed Combat
  4917 | D:7      | Found a white marble altar of Elyvilon.
  5088 | D:8      | Reached XP level 10. HP: 92/92 MP: 9/9
  5347 | D:8      | Noticed Pikel
  5358 | D:8      | Killed Pikel
  5374 | D:8      | Noticed Psyche
  5382 | D:8      | Killed Psyche
  5382 | D:8      | Reached skill level 5 in Dodging
  5520 | D:8      | Found a burning altar of Makhleb.
  5600 | D:8      | Found a blossoming altar of Fedhas.
  5670 | D:9      | Reached *** piety under Qazlal
  5755 | D:9      | Noticed Grum
  5761 | D:9      | Killed Grum
  5762 | D:9      | Reached skill level 5 in Fighting
  5917 | D:9      | Found a staircase to the Orcish Mines.
  6005 | D:9      | Found a roughly hewn altar of Beogh.
  6349 | D:9      | Reached skill level 5 in Armour
  6732 | D:9      | Reached skill level 1 in Invocations
  6864 | Orc:1    | Entered Level 1 of the Orcish Mines
  6887 | Orc:1    | Reached **** piety under Qazlal
  7297 | Orc:2    | Noticed Urug
  7308 | Orc:2    | Killed Urug
  7308 | Orc:2    | Reached XP level 11. HP: 38/105 MP: 11/13
  7466 | Orc:2    | Reached ***** piety under Qazlal
  7892 | Orc:1    | Noticed Gastronok
  8310 | Orc:1    | Killed Gastronok
  9197 | Orc:4    | Entered Level 4 of the Orcish Mines
  9677 | Orc:4    | Paralysed by an orc sorcerer for 4 turns
  9684 | Orc:4    | Reached skill level 13 in Unarmed Combat
  9799 | Orc:4    | Found a staircase to the Elven Halls.
  9955 | Orc:4    | Paralysed by an orc sorcerer for 7 turns
 10007 | Orc:4    | Noticed Maurice
 10022 | Orc:4    | Killed Maurice
 10091 | Orc:4    | Found Epli's Antique Armour Shop.
 10110 | Orc:4    | Noticed an ogre mage
 10124 | Orc:4    | Killed an ogre mage
 10128 | Orc:4    | Found a radiant altar of Vehumet.
 10145 | Orc:4    | Found Xischic's Gadget Shop.
 10162 | Orc:4    | Reached skill level 14 in Unarmed Combat
 10162 | Orc:4    | Reached XP level 12. HP: 99/113 MP: 12/15
 10213 | Orc:4    | Found a roughly hewn altar of Beogh.
 10299 | Orc:4    | Bought a wand of invisibility (5) for 99 gold pieces
 10299 | Orc:4    | Bought a wand of digging (13) for 374 gold pieces
 10483 | Orc:4    | Found an ancient bone altar of Kikubaaqudgha.
 10547 | Orc:4    | Found Qophazib's Distillery.
 10575 | Orc:4    | Found Lastrilih's Antique Armour Boutique.
 10578 | Orc:4    | Bought 2 potions of curing for 90 gold pieces
 10578 | Orc:4    | Bought a potion of poison for 15 gold pieces
 10578 | Orc:4    | Bought a potion of degeneration for 15 gold pieces
 10578 | Orc:4    | Bought a potion of haste for 150 gold pieces
 10578 | Orc:4    | Bought 2 potions of agility for 120 gold pieces
 10589 | Orc:4    | Bought a warped shield for 247 gold pieces
 10594 | Orc:4    | Identified the +4 shield "Pekuvah" {rF+ Dex+4} (You bought it in a shop on level 4 of the Orcish Mines)
 10747 | D:10     | Entered Level 10 of the Dungeon
 10780 | D:10     | Noticed Maud
 10807 | D:10     | Killed Maud
 11083 | D:10     | Found a staircase to the Lair.
 11107 | D:10     | Reached ****** piety under Qazlal
 11488 | Lair:1   | Entered Level 1 of the Lair of Beasts
 11557 | Lair:1   | Reached skill level 5 in Shields
 11608 | Lair:1   | Noticed a five-headed hydra
 11633 | Lair:1   | Killed an eight-headed hydra
 12031 | Lair:1   | Noticed a seven-headed hydra
 12078 | Lair:1   | Killed a seven-headed hydra
 12267 | Lair:2   | Noticed a four-headed hydra
 12276 | Lair:2   | Killed a four-headed hydra
 12281 | Lair:2   | Noticed Sonja
 12301 | Lair:2   | Killed Sonja
 12630 | Lair:2   | Reached XP level 13. HP: 117/120 MP: 16/16
 13759 | Lair:4   | Noticed Josephine
 13766 | Lair:4   | Killed Josephine
 13878 | Lair:4   | Found a frozen archway.
 13903 | IceCv    | Entered an ice cave
 14097 | IceCv    | Noticed a frost giant
 14115 | IceCv    | Killed a frost giant
 14309 | IceCv    | Reached skill level 10 in Invocations
 14624 | Lair:4   | Reached skill level 15 in Unarmed Combat
 15185 | Lair:5   | Reached XP level 14. HP: 128/128 MP: 20/20
 16017 | Lair:6   | Found a staircase to the Snake Pit.
 16124 | Lair:6   | You fall through a shaft for 2 floors!
 16124 | Lair:8   | Entered Level 8 of the Lair of Beasts
 16159 | Lair:7   | Reached skill level 16 in Unarmed Combat
 16296 | Lair:6   | Found a staircase to the Slime Pits.
 16427 | Lair:6   | Found a staircase to the Shoals.
 17206 | Lair:7   | Reached skill level 17 in Unarmed Combat
 18660 | Lair:8   | Reached skill level 18 in Unarmed Combat
 18757 | Lair:8   | Got a twisted spear
 19065 | Lair:8   | Reached XP level 15. HP: 87/136 MP: 13/21
 19160 | Snake:1  | Entered Level 1 of the Snake Pit
 19633 | Snake:1  | Found Fijireva's Armour Boutique.
 19727 | Snake:1  | Bought the +2 hat of the Bear Spirit {Spirit, +Rage rN+ MR++} for 664 gold pieces
 20077 | Snake:1  | Found a sacrificial altar of Ru.
 20235 | Snake:2  | Found Pudim's Antique Armour Boutique.
 20546 | Snake:2  | Found Xampem Koso's Book Shop.
 20596 | Snake:2  | Found Bylier's Book Emporium.
 20599 | Snake:2  | Found Laje's Assorted Antiques.
 20621 | Snake:2  | Found Nafeisyl's General Store.
 20630 | Snake:2  | Bought 2 scrolls of blinking for 165 gold pieces
 20630 | Snake:2  | Bought a scroll of identify for 22 gold pieces
 20791 | Snake:3  | Noticed a greater naga
 21001 | Snake:3  | Killed a greater naga
 21005 | Snake:3  | Noticed a greater naga
 21013 | Snake:3  | Killed a greater naga
 21023 | Snake:3  | Noticed Aizul
 21270 | Snake:3  | Killed Aizul
 21398 | Snake:3  | Reached XP level 16. HP: 138/156 MP: 13/22
 21510 | Snake:3  | Found Nyjax's Magic Scroll Emporium.
 21525 | Snake:3  | Bought a scroll of teleportation for 51 gold pieces
 21712 | Snake:4  | Entered Level 4 of the Snake Pit
 22306 | Snake:4  | Found Marur's Weapon Shop.
 22473 | Snake:4  | Reached skill level 10 in Dodging
 22960 | Snake:4  | Reached skill level 19 in Unarmed Combat
 23743 | Snake:4  | Reached skill level 20 in Unarmed Combat
 24054 | Snake:4  | Got a serpentine rune of Zot
 24317 | Snake:1  | Identified a +4 rod of clouds (13/13) {!a} (You took it off a naga on level 1 of the Snake Pit)
 24405 | Lair:6   | Reached XP level 17. HP: 165/165 MP: 10/23
 24569 | Lair:4   | Gained mutation: You have a pair of small antennae on your head. [potion of beneficial mutation]
 24570 | Lair:4   | Gained mutation: You are surrounded by a mild repulsion field (EV +2). [potion of beneficial mutation]
 24571 | Lair:4   | Gained mutation: Your mind is acute. (Int +2) [potion of beneficial mutation]
 24572 | Lair:4   | Gained mutation: You are resistant to hostile enchantments. [potion of beneficial mutation]
 24573 | Lair:4   | Gained mutation: Your flesh is cold resistant. [potion of beneficial mutation]
 25147 | Shoals:1 | Entered Level 1 of the Shoals
 25390 | Shoals:1 | Noticed BLOAX's ghost (journeyman VSBe)
 25399 | Shoals:1 | Killed BLOAX's ghost
 26157 | Shoals:2 | Found Suclud's General Store.
 26245 | Shoals:2 | Reached skill level 21 in Unarmed Combat
 26823 | Shoals:4 | Entered Level 4 of the Shoals
 26995 | Shoals:4 | Noticed Ilsuiw
 27258 | Shoals:3 | Reached skill level 22 in Unarmed Combat
 27847 | Shoals:4 | Killed Ilsuiw
 27880 | Shoals:4 | Reached XP level 18. HP: 133/174 MP: 17/25
 28050 | Shoals:4 | Got a barnacled rune of Zot
 28689 | Shoals:4 | Found a white marble altar of Elyvilon.
 29619 | D:11     | Found a labyrinth entrance.
 29631 | Lab      | Entered a labyrinth
 29897 | Lab      | Got a pitted morningstar {flame}
 30565 | D:12     | Found a shadowy altar of Dithmenos.
 30580 | D:12     | Noticed Kirke
 30591 | D:12     | Killed Kirke
 31128 | D:13     | Noticed chonchonts's ghost (journeyman MiFi)
 31150 | D:13     | Killed chonchonts's ghost
 31437 | D:13     | Found a gate to the Vaults.
 31727 | D:13     | Got a faintly glowing lajatang
 32342 | Orc:4    | Bought the +4 robe of Augmentation {Str+4 Int+4 Dex+4} for 1375 gold pieces
 32703 | Vaults:1 | Entered Level 1 of the Vaults
 33331 | Vaults:1 | Reached skill level 15 in Invocations
 33457 | Vaults:1 | Reached XP level 19. HP: 166/182 MP: 27/29
 33492 | Vaults:1 | Found a portal to a secret trove of treasure.
 34194 | Vaults:2 | Noticed Asterion
 34214 | Vaults:2 | Killed Asterion
 34477 | Vaults:2 | Reached skill level 10 in Fighting
 35501 | Vaults:2 | Found a staircase to the Crypt.
 36285 | Vaults:3 | Reached XP level 20. HP: 177/195 MP: 27/31
 38509 | Vaults:5 | Entered Level 5 of the Vaults
 38520 | Vaults:5 | Noticed a golden dragon
 38522 | Vaults:5 | Noticed a golden dragon
 38524 | Vaults:5 | Reached skill level 10 in Armour
 38565 | Vaults:5 | Reached XP level 21. HP: 81/208 MP: 6/32
 38568 | Vaults:5 | Noticed an ancient lich
 38580 | Vaults:5 | Noticed a golden dragon
 38732 | Vaults:5 | Killed a golden dragon
 38834 | Vaults:5 | Noticed a golden dragon
 38847 | Vaults:5 | Killed a golden dragon
 38941 | Vaults:5 | Noticed a golden dragon
 38965 | Vaults:5 | Killed a golden dragon
 38975 | Vaults:5 | Killed a golden dragon
 39420 | Vaults:5 | Found Sujef's General Store.
 39427 | Vaults:5 | Got a silken robe
 39430 | Vaults:5 | Bought a potion of heal wounds for 105 gold pieces
 39477 | Vaults:5 | Killed a golden dragon
 39540 | Vaults:5 | Got a bound platinum ring
 39541 | Vaults:5 | Identified the ring of Muochemnixt {rElec rPois rN+} (You took it off a deep elf priest on level 5 of the Vaults)
 39563 | Vaults:5 | Killed an ancient lich
 39938 | Vaults:5 | Reached XP level 22. HP: 223/223 MP: 33/33
 40107 | Vaults:5 | Got an ivory short sword
 40393 | Vaults:5 | Got a silver rune of Zot
 40427 | Vaults:5 | Noticed an ancient lich
 40435 | Vaults:5 | Killed an ancient lich
 41578 | D:15     | Entered Level 15 of the Dungeon
 41717 | D:15     | Noticed Azrael
 41729 | D:15     | Killed Azrael
 41797 | D:15     | Found an opulent altar of Gozag.
 41825 | D:15     | Found Gozag's Platinum Reserve.
 41949 | D:15     | Found a bloodstained altar of Trog.
 42093 | D:15     | Found a staircase to the Depths.
 42219 | Depths:1 | Entered Level 1 of the Depths
 42371 | Depths:1 | Found a gateway to Hell.
 42405 | Depths:1 | Reached skill level 15 in Fighting
 42433 | Depths:1 | Found a one-way gate leading to the halls of Pandemonium.
 42616 | Depths:1 | Found a one-way gate to the infinite horrors of the Abyss.
 43070 | Depths:2 | Found Veyvvoug's Gadget Shop.
 43074 | Depths:2 | Found a gateway to a ziggurat.
 43287 | Depths:2 | Gained mutation: You tend to lose your temper in combat. [a neqoxec]
 43288 | Depths:2 | Lost mutation: Your mind is acute. (Int +2) [a neqoxec]
 43772 | Depths:3 | Gained mutation: You are dopey. (Int -2) [the power of Zot]
 43772 | Depths:3 | Gained mutation: Your spells are a little easier to cast, but a little less powerful. [the power of Zot]
 43778 | Depths:3 | Reached skill level 15 in Armour
 43988 | Depths:3 | Reached XP level 23. HP: 233/235 MP: 34/34
 44872 | Lair:7   | Lost mutation: You are dopey. (Int -2) [potion of cure mutation]
 44872 | Lair:7   | Lost mutation: You tend to lose your temper in combat. [potion of cure mutation]
 44872 | Lair:7   | Lost mutation: Your flesh is cold resistant. [potion of cure mutation]
 44872 | Lair:7   | Lost mutation: You are resistant to hostile enchantments. [potion of cure mutation]
 44872 | Lair:7   | Lost mutation: You have a pair of small antennae on your head. [potion of cure mutation]
 44872 | Lair:7   | Lost mutation: You are surrounded by a mild repulsion field (EV +2). [potion of cure mutation]
 45713 | Depths:4 | Noticed Mara
 45726 | Depths:4 | Killed Mara
 45964 | Depths:3 | Got a transparent dire flail {flame}
 46005 | Depths:4 | Reached skill level 23 in Unarmed Combat
 46097 | Depths:5 | Entered Level 5 of the Depths
 46566 | Depths:5 | Found a gate to the Realm of Zot.
 46652 | Depths:5 | Reached skill level 24 in Unarmed Combat
 46652 | Depths:5 | Reached XP level 24. HP: 231/244 MP: 33/34
 47237 | Depths:5 | Got a thick robe
 47333 | Depths:5 | Found a radiant altar of Vehumet.
 47343 | Depths:5 | Got an ominously black robe
 47348 | Depths:5 | Got an ichor-stained hat
 47349 | Depths:5 | Identified the +2 hat of Grace {+Fly Regen+ Dex+6} (You found it on level 5 of the Depths)
 47415 | Zot:1    | Entered Level 1 of the Realm of Zot
 47690 | Zot:4    | Reached skill level 25 in Unarmed Combat
 47886 | Zot:5    | Entered Level 5 of the Realm of Zot
 48107 | Zot:5    | Noticed an ancient lich
 48117 | Zot:5    | Killed an ancient lich
 48279 | Zot:5    | Noticed an ancient lich
 48298 | Zot:5    | Killed an ancient lich
 48419 | Zot:5    | Noticed an ancient lich
 48429 | Zot:5    | Killed an ancient lich
 48630 | Zot:5    | Noticed an orb of fire
 48637 | Zot:5    | Killed an orb of fire
 48654 | Zot:5    | Reached XP level 25. HP: 228/253 MP: 33/34
 48670 | Zot:5    | Noticed an orb of fire
 48672 | Zot:5    | Noticed an orb of fire
 48673 | Zot:5    | Noticed an ancient lich
 48685 | Zot:5    | Killed an orb of fire
 48688 | Zot:5    | Noticed an ancient lich
 48703 | Zot:5    | Killed an orb of fire
 48716 | Zot:5    | Killed an ancient lich
 48751 | Zot:5    | Killed an ancient lich
 48754 | Zot:5    | Noticed an orb of fire
 48769 | Zot:5    | Killed an orb of fire
 48813 | Zot:5    | Noticed an orb of fire
 48822 | Zot:5    | Killed an orb of fire
 49193 | Zot:5    | Got the Orb of Zot
 49245 | Zot:5    | Noticed an ancient lich
 49258 | Zot:5    | Killed an ancient lich
 49272 | Zot:4    | Noticed Buczor the pandemonium lord
 49846 | D:$      | Escaped with the Orb!

Action                   |  1- 3 |  4- 6 |  7- 9 | 10-12 | 13-15 | 16-18 | 19-21 | 22-24 | 25-27 || total
-------------------------+-------+-------+-------+-------+-------+-------+-------+-------+-------++-------
Melee: Unarmed           |    65 |   151 |   298 |   831 |  1272 |  1647 |  1334 |  1674 |   202 ||  7474
Invok: Elemental Force   |       |       |       |     5 |    10 |     6 |     1 |       |     3 ||    25
       Disaster Area     |       |       |       |       |       |     3 |     8 |     4 |       ||    15
Evoke: Wand              |       |       |       |     2 |     3 |     2 |       |     2 |     4 ||    13
  Use: Scroll            |       |       |       |       |       |    34 |    11 |    14 |       ||    59
       Potion            |       |       |       |       |       |     5 |    10 |     2 |     5 ||    22
 Stab: Sleeping          |       |     1 |     1 |       |       |       |       |       |       ||     2
       Invisible         |       |       |       |     3 |       |       |       |       |       ||     3
       Distracted        |       |       |       |       |     2 |     2 |       |     1 |     1 ||     6
  Eat: Chunk             |    12 |    11 |    29 |    74 |    80 |    86 |    55 |    82 |       ||   429
       Meat ration       |       |       |       |       |       |     3 |       |     1 |     3 ||     7
       Pizza             |       |       |       |       |       |     3 |       |       |       ||     3
       Royal jelly       |       |       |       |       |       |     1 |       |     1 |       ||     2
       Beef jerky        |       |       |       |       |       |     1 |       |       |       ||     1
       Bread ration      |       |       |       |       |       |       |       |     1 |       ||     1
